 Dungeon Crawl Stone Soup version 0.20.0-8-g6b59dc7 (webtiles) character file.

8535 Inarius the Thaumaturge (level 11, -16/73 HPs)
             Began as a Yellow Draconian Venom Mage on June 1, 2017.
             Was an Initiate of Hepliaklqana.
             Demolished by a titanic slime creature (83 damage)
             ... on level 9 of the Dungeon.
             The game lasted 00:39:50 (10822 turns).

Inarius the Thaumaturge (DrVM)                     Turns: 10822, Time: 00:39:51

Health: -16/73     AC: 11    Str: 10    XL:     11   Next: 11%
Magic:  10/23      EV: 15    Int: 21    God:    Hepliaklqana [......]
Gold:   406        SH:  0    Dex: 12    Spells: 10/26 levels left

rFire    . . .     SeeInvis .   o - +4 quarterstaff (chaos)
rCold    . . .     Gourm    .   (shield currently unavailable)
rNeg     + + .     Faith    .   (armour unavailable)
rPois    .         Spirit   .   (helmet restricted)
rElec    .         Reflect  .   p - +0 cloak
rCorr    +         Harm     .   i - +0 pair of gloves
MR       .....                  (no boots)
Stlth    ++........             (no amulet)
Regen    0.3/turn               L - ring of positive energy
MPRegen  0.2/turn               G - ring of Joy {rN+ AC+2 Int+2 Slay+3}

@: no status effects
A: spit acid, acid resistance, unfitting armour, reduced essence, antennae 1,
cold-blooded, AC +7
a: Breathe Acid, Recall Ancestor, Ancestor Identity, Renounce Religion


You were on level 9 of the Dungeon.
You worshipped Hepliaklqana.
Hepliaklqana was noncommittal.
You were not hungry.

You visited 2 branches of the dungeon, and saw 10 of its levels.

You collected 406 gold pieces.

Inventory:

Hand Weapons
 o - a +4 quarterstaff of chaos (weapon)
Armour
 i - a +0 pair of gloves (worn)
 p - a +0 cloak (worn)
Jewellery
 G - the ring of Joy (right hand) {rN+ AC+2 Int+2 Slay+3}
   (You acquired it on level 9 of the Dungeon)

   [ring of protection]

   It affects your AC (+2).
   It affects your intelligence (+2).
   It affects your accuracy and damage with ranged weapons and melee attacks
   (+3).
   It protects you from negative energy.
 L - a ring of positive energy (left hand)
Wands
 e - a wand of lightning (8/15)
 w - a wand of acid (8/15)
 z - a wand of iceblast (4/15)
 C - a wand of confusion (26/48)
 E - a wand of paralysis (15/24)
Scrolls
 f - a scroll of amnesia
 k - a scroll of fog
 l - 6 scrolls of teleportation
 q - 2 scrolls of recharging {unknown}
 s - 4 scrolls of immolation {unknown}
 u - 6 scrolls of remove curse {unknown}
 v - 4 scrolls of random uselessness {unknown}
 y - a scroll of enchant armour {unknown}
 F - 3 scrolls of fear {unknown}
 I - a scroll of blinking {unknown}
Potions
 d - a potion of resistance
 j - 3 potions of curing {unknown}
 m - 2 potions of agility
 n - a potion of lignification
 r - a potion of flight
 t - 5 potions of mutation {unknown}
 x - 6 potions of heal wounds {unknown}
 A - a potion of brilliance {unknown}
 D - a potion of ambrosia {unknown}
 J - a potion of haste
Books
 a - a Young Poisoner's Handbook

   Spells                             Type                      Level
   a - Sting                          Conjuration/Poison           1
   b - Poisonous Vapours              Poison/Air                   2
   c - Mephitic Cloud                 Conjuration/Poison/Air       3
   d - Olgreb's Toxic Radiance        Poison                       4
   e - Venom Bolt                     Conjuration/Poison           5
 g - a book of Misfortune

   Spells                             Type                      Level
   a - Confusing Touch                Hexes                        1
   b - Confuse                        Hexes                        3
   c - Gell's Gravitas                Translocation                3
   d - Petrify                        Transmutation/Earth          4
   e - Metabolic Englaciation         Hexes/Ice                    5
   f - Yara's Violent Unravelling     Hexes/Transmutation          5
 B - a book of Power

   Spells                             Type                      Level
   a - Iskenderun's Battlesphere      Conjuration/Charms           5
   b - Venom Bolt                     Conjuration/Poison           5
   c - Bolt of Magma                  Conjuration/Fire/Earth       5
   d - Iron Shot                      Conjuration/Earth            6
   e - Orb of Destruction             Conjuration                  7
   f - Spellforged Servitor           Conjuration/Summoning        7
 K - a book of Conjurations

   Spells                             Type                      Level
   a - Magic Dart                     Conjuration                  1
   b - Searing Ray                    Conjuration                  2
   c - Dazzling Spray                 Conjuration/Hexes            3
   d - Fulminant Prism                Conjuration/Hexes            4
   e - Force Lance                    Conjuration/Translocation    4
   f - Iskenderun's Mystic Blast      Conjuration                  4
Miscellaneous
 M - a lamp of fire
Comestibles
 b - 9 bread rations
 c - a fruit
 h - 6 royal jellies
 H - 5 chunks of flesh


   Skills:
 + Level 3.6 Fighting
 * Level 6.0 Dodging
 - Level 2.0 Stealth
 + Level 8.0 Spellcasting
 * Level 7.0 Conjurations
 + Level 5.6 Air Magic
 + Level 7.6 Poison Magic
 * Level 1.3 Invocations
 * Level 6.3 Evocations


You had 10 spell levels left.
You knew the following spells:

 Your Spells              Type           Power        Failure   Level  Hunger
a - Sting                 Conj/Pois      ####         1%          1    None
b - Poisonous Vapours     Pois/Air       #####.       1%          2    None
c - Olgreb's Toxic Radia  Pois           #####...     3%          4    ###....
d - Venom Bolt            Conj/Pois      #####.....   11%         5    #####..
e - Iskenderun's Mystic   Conj           #####...     4%          4    ###....


Dungeon Overview and Level Annotations

Branches:
Dungeon (9/15)             Temple (1/1) D:7            Lair (0/6) D:8
    Orc: D:9-12

Altars:
Ashenzari
Cheibriados
Dithmenos
Elyvilon
Gozag
Hepliaklqana
Kikubaaqudgha
Makhleb
Nemelex Xobeh
Okawaru
Qazlal
Ru
Sif Muna
Uskayaw
Vehumet
Xom
Yredelemnul
Zin

Shops:
D:4 [((


Innate Abilities, Weirdness & Mutations

You can spit globs of acid.
You are resistant to acid.
Your golden yellow scales are hard. (AC +7)
You cannot fit into any form of body armour.
You are cold-blooded and may be slowed by cold attacks.
Your life essence is reduced. (-10% HP)
You have a pair of small antennae on your head.


Message History

The very large slime creature misses you.
Tenoch hits the very large slime creature.
The large slime creature hits you!
The very large slime creature completely misses you.
You hit the very large slime creature.
The very large slime creature looks faint for a moment.
The very large slime creature is heavily wounded.
Tenoch hits the very large slime creature.
The large slime creature closely misses you.
The very large slime creature hits Tenoch!!!
Tenoch is destroyed!
Two slime creatures merge to form a titanic slime creature.
You hit the titanic slime creature.
You feel better.
The titanic slime creature is heavily wounded.
You sock the titanic slime creature!
The titanic slime creature is heavily wounded.
The titanic slime creature barely misses you.
The titanic slime creature hits you!!!!
Ouch! That really hurt!
You die...

##.....## *,,,,_,,,,*
#.## ##...##
**,.......,** #.#
##'## *,,,....%%,,*
#.# #(# *,*,.....,*,*
#.## #)# ****♣...♣****
##.# ####)#####
*♣...♣♣ #R##
.........# ♣♣♣*,....*
♣♣♣#######
.#.....#.####.####(#**
#.........
.##.............@J.#
#.#..##..#
.###.###.###########
#.#......# .###.# #.#
#.##.##.## .....###.#
#......... .[.......#
########## ##########


You could see a titanic slime creature.

Vanquished Creatures
  4 two-headed ogres
  Pikel (D:4)
  Maurice (D:8)
  Sigmund (D:3)
  A wyvern (D:8)
  4 yaks (D:9)
  A human (D:7)
  A golden eye (D:9)
  4 hogs (D:7)
  A hungry ghost (D:6)
  A steam dragon (D:9)
  A water moccasin (D:8)
  A sky beast (D:6)
  2 porcupines (D:8)
  A hornet zombie (D:8)
  4 ice beasts
  3 orc warriors
  2 ogres
  2 centaurs
  3 bullfrogs
  A gnoll sergeant (D:7)
  3 scorpions (D:8)
  8 howler monkeys
  A bullfrog zombie (D:8)
  A hound (D:5)
  A quasit (D:6)
  A jelly (D:8)
  2 bullfrog skeletons
  3 orc priests
  Crazy Yiuf (D:2)
  2 centaur skeletons
  6 orc wizards
  2 iguanas
  3 worker ants (D:4)
  A hound skeleton (D:8)
  16 gnolls
  3 adders
  3 shadow imps
  An ooze (D:7)
  2 adder skeletons
  A worm (D:2)
  2 dart slugs (D:1)
  5 leopard geckos
  24 orcs
  A ball python (D:3)
  4 giant cockroaches
  9 goblins
  8 hobgoblins
  2 jackals (D:1)
  6 kobolds
  3 quokkas
  6 bats
  2 frilled lizards
  A jackal zombie (D:6)
  A quokka zombie (D:7)
  7 rats
  A fungus (D:2)
  A plant (D:8)
184 creatures vanquished.

Vanquished Creatures (collateral kills)
  A yak (D:9)
1 creature vanquished.

Vanquished Creatures (others)
  Blork the orc (D:4)
  2 ancestors (D:9)
  4 fungi (D:8)
7 creatures vanquished.

Grand Total: 192 creatures vanquished

Notes
Turn   | Place    | Note
-------+----------+-------------------------------------------
     0 | D:1      | Inarius the Draconian Venom Mage began the quest for the Orb.
     0 | D:1      | Reached XP level 1. HP: 14/14 MP: 3/3
   257 | D:1      | Reached XP level 2. HP: 20/20 MP: 1/5
   261 | D:1      | Learned a level 2 spell: Poisonous Vapours
  1150 | D:2      | Reached XP level 3. HP: 26/26 MP: 0/6
  1608 | D:2      | Found a shattered altar of Ashenzari.
  1896 | D:2      | Reached XP level 4. HP: 33/33 MP: 0/8
  2385 | D:2      | Found a runed door.
  2389 | D:2      | Noticed Crazy Yiuf
  2396 | D:2      | Killed Crazy Yiuf
  2415 | D:2      | Learned a level 4 spell: Olgreb's Toxic Radiance
  2979 | D:3      | Reached XP level 5. HP: 39/39 MP: 7/9
  3086 | D:3      | Noticed Sigmund
  3094 | D:3      | Killed Sigmund
  3094 | D:3      | Reached skill level 3 in Spellcasting
  3094 | D:3      | Reached skill level 1 in Air Magic
  3094 | D:3      | Reached XP level 6. HP: 34/46 MP: 1/11
  3359 | D:3      | Found a faded altar of an unknown god.
  3432 | D:4      | Found Qixiy's Antique Weapon Emporium.
  3592 | D:4      | Found Edihepeifo's Antique Armour Shoppe.
  3618 | D:4      | Found Itauxyowou's Weapon Shoppe.
  3721 | D:4      | Found an ancient bone altar of Kikubaaqudgha.
  3826 | D:4      | Reached skill level 1 in Evocations
  3999 | D:4      | Noticed Blork the orc
  4014 | D:4      | Killed Blork the orc
  4086 | D:4      | Found a deep blue altar of Sif Muna.
  4261 | D:5      | Entered Level 5 of the Dungeon
  4266 | D:5      | Reached skill level 1 in Fighting
  4266 | D:5      | Your scales start taking on a golden yellow colour.
  4266 | D:5      | Reached XP level 7. HP: 49/52 MP: 7/12
  4356 | D:5      | Reached skill level 4 in Spellcasting
  4363 | D:5      | Noticed Pikel
  4974 | D:4      | Killed Pikel
  4974 | D:4      | Reached XP level 8. HP: 55/59 MP: 1/15
  5677 | D:6      | Found a shimmering altar of Xom.
  5974 | D:6      | Gained mutation: Your spells are a little easier to cast, but a little less powerful. [mutagenic meat]
  5975 | D:6      | Lost mutation: Your spells are a little easier to cast, but a little less powerful. [mutagenic meat]
  5976 | D:6      | Gained mutation: You have a pair of small antennae on your head. [mutagenic meat]
  6007 | D:6      | Reached skill level 5 in Poison Magic
  6252 | D:7      | Reached skill level 5 in Spellcasting
  6575 | D:7      | Found a burning altar of Makhleb.
  6652 | D:7      | Reached XP level 9. HP: 61/67 MP: 1/17
  6874 | D:7      | Reached skill level 6 in Spellcasting
  6880 | D:7      | Reached skill level 5 in Conjurations
  7014 | D:7      | Found a staircase to the Ecumenical Temple.
  7025 | Temple   | Entered the Ecumenical Temple
  7264 | D:6      | Reached skill level 5 in Dodging
  7677 | D:8      | Noticed a two-headed ogre
  7718 | D:8      | Killed a two-headed ogre
  7718 | D:8      | Reached skill level 5 in Evocations
  7985 | D:8      | Learned a level 5 spell: Venom Bolt
  8083 | D:8      | Reached XP level 10. HP: 72/74 MP: 13/20
  8133 | D:8      | Reached skill level 7 in Spellcasting
  8436 | D:8      | Noticed a two-headed ogre
  8448 | D:8      | Killed a two-headed ogre
  8451 | D:8      | HP: 3/75 [hornet zombie (3)]
  8865 | D:8      | Noticed a two-headed ogre
  8879 | D:8      | Killed a two-headed ogre
  8879 | D:8      | Reached skill level 5 in Air Magic
  8977 | D:8      | Found a staircase to the Lair.
  9162 | D:8      | Found a hazy altar of Hepliaklqana.
  9194 | D:8      | Found a radiant altar of Vehumet.
  9196 | D:8      | Found a sparkling altar of Nemelex Xobeh.
  9227 | D:8      | Noticed Maurice
  9248 | D:8      | Killed Maurice
  9261 | D:9      | Identified 3 scrolls of acquirement
  9273 | D:9      | Got a steaming lapis lazuli ring
  9274 | D:9      | Identified the ring of Joy {rN+ AC+2 Int+2 Slay+3} (You acquired it on level 9 of the Dungeon)
  9619 | D:8      | Became a worshipper of Hepliaklqana the Forgotten
  9666 | D:9      | Learned a level 4 spell: Iskenderun's Mystic Blast
 10198 | D:9      | Reached XP level 11. HP: 56/73 MP: 18/22
 10445 | D:9      | Noticed a two-headed ogre
 10452 | D:9      | Killed a two-headed ogre
 10452 | D:9      | Reached skill level 8 in Spellcasting
 10452 | D:9      | Reached skill level 1 in Invocations
 10705 | D:9      | Found an iron altar of Okawaru.
 10822 | D:9      | Demolished by a titanic slime creature

Skill      XL: |  1  2  3  4  5  6  7  8  9 10 11 |
---------------+----------------------------------+-----
Dodging        | 2 3 4 5 6 |  6.0
Stealth        | 2 |  2.0
Conjurations   | 2 3 4 5 6 7 |  7.0
Spellcasting   | 3 4 5 6 7 8 |  8.0
Air Magic      | 1 2 3 4 5 |  5.6
Poison Magic   | 4 5 6 7 |  7.6
Evocations     | 1 2 3 5 6 |  6.3
Fighting       | 1 2 3 |  3.6
Invocations    | 1 |  1.3

Action                   |  1- 3 |  4- 6 |  7- 9 | 10-12 || total
-------------------------+-------+-------+-------+-------++-------
Melee: Dagger            |    37 |       |       |       ||    37
       Short sword       |       |    16 |       |       ||    16
       Quarterstaff      |       |    20 |   111 |   123 ||   254
       Tailslap          |       |       |     9 |     8 ||    17
 Cast: Sting             |    66 |    11 |    12 |       ||    89
       Poisonous Vapours |     7 |    32 |    57 |    39 ||   135
       Olgreb's Toxic Ra |       |     1 |    14 |    18 ||    33
       Iskenderun's Myst |       |       |       |     6 ||     6
       Venom Bolt        |       |       |       |     2 ||     2
 Abil: Breathe Acid      |       |       |       |     2 ||     2
  Use: Scroll            |     1 |       |     5 |     5 ||    11
       Potion            |       |       |     1 |       ||     1
 Stab: Confused          |       |       |     1 |       ||     1
       Sleeping          |       |       |     1 |       ||     1
       Paralysed         |       |       |       |     1 ||     1
       Distracted        |       |       |       |     1 ||     1
  Eat: Chunk             |     4 |     7 |     9 |     6 ||    26
       Fruit             |       |     2 |     2 |     2 ||     6
       Meat ration       |       |       |     4 |       ||     4
       Bread ration      |       |       |       |     1 ||     1
Armor: Skin              |    17 |     6 |    54 |    32 ||   109
Dodge: Dodged            |    33 |    13 |    92 |   108 ||   246
